 Dungeon Crawl Stone Soup version 0.29-a0-364-g921d912d32 (webtiles) character file.

Game seed: 10249244371495158973

79807 holysushi the Spry (level 16, -13/107 HPs)
             Began as a Kobold Monk on Apr 30, 2022.
             Was the Champion of Okawaru.
             Mangled by a death yak (20 damage)
             ... on level 5 of the Lair of Beasts.
             The game lasted 00:52:38 (29046 turns).

holysushi the Spry (Kobold Monk)                   Turns: 29046, Time: 00:52:39

Health: -13/107    AC: 12    Str: 11    XL:     16   Next: 12%
Magic:  23/23      EV: 41    Int: 18    God:    Okawaru [******]
Gold:   1708       SH:  5    Dex: 24    Spells: 15/15 levels left

rFire   . . .      SeeInvis .   a - +6 quick blade
rCold   . . .      Faith    .   (no shield)
rNeg    . . .      Spirit   .   I - +2 steam dragon scales
rPois   .          Reflect  +   G - +0 helmet of Delicate Amelioration {Will+ Str+3}
rElec   .          Harm     .   (no cloak)
rCorr   +          Rampage  .   h - +1 pair of gloves
Will    +++..                   v - +0 pair of boots
Stlth   ++++++++++              x - amulet of reflection
HPRegen 0.27/turn               Z - ring of Debbaam {Will+ rCorr Int+5}
MPRegen 0.18/turn               Q - +4 ring of evasion

@: heroic
A: small, no large weapons, nightstalker 3
a: Renounce Religion, Heroism, Finesse, Duel


You were on level 5 of the Lair of Beasts.
You worshipped Okawaru.
Okawaru was exalted by your worship.
You visited 3 branches of the dungeon, and saw 19 of its levels.
You also visited: Ossuary, Bailey, Gauntlet and Ice Cave.

You collected 1708 gold pieces.

Inventory:

Hand Weapons
 a - a +6 quick blade (weapon)
 b - the +4 dagger of Mipsiqym {antimagic, *Rage rF+ Str+4 Int+4}
   (Okawaru gifted it to you on level 4 of the Lair of Beasts)

   It reduces the magical energy of the wielder, and disrupts the spells and
   magical abilities of those it strikes.
   Natural abilities and divine invocations are not affected.
   Str:       It affects your strength (+4).
   Int:       It affects your intelligence (+4).
   rF:        It protects you from fire.
   *Rage:     It berserks you when you make melee attacks (+20% chance).
 O - the +6 dagger "Quggih" {vamp, rN+ Str+6}
   (Okawaru gifted it to you on level 2 of the Lair of Beasts)

   It occasionally heals its wielder for a portion of the damage dealt when it
   wounds a living foe.
   Str:       It affects your strength (+6).
   rN:        It protects you from negative energy.
Missiles
 X - 4 throwing nets (quivered)
Armour
 h - a +1 pair of gloves (worn)
 v - a +0 pair of boots (worn)
 y - a +2 kite shield of cold resistance
 F - the +0 buckler of Colewkiz {rF+}
   (Okawaru gifted it to you on level 11 of the Dungeon)

   rF:        It protects you from fire.
 G - the +0 helmet of Delicate Amelioration (worn) {Will+ Str+3}
   (You found it on level 12 of the Dungeon)

   Str:       It affects your strength (+3).
   Will:      It increases your willpower.
 I - +2 steam dragon scales (worn)
Jewellery
 j - the ring "Aci Tolyo" {rPois rN+ Str+2}
   (You found it in a Gauntlet)

   [ring of poison resistance]

   Str:       It affects your strength (+2).
   rPois:     It protects you from poison.
   rN:        It protects you from negative energy.
 m - a ring of protection from fire
 x - an amulet of reflection (around neck)
 A - a ring of protection from cold
 N - an amulet of regeneration
 Q - a +4 ring of evasion (right hand)
 Z - the ring of Debbaam (left hand) {Will+ rCorr Int+5}
   (You found it in an ice cave)

   [ring of resist corrosion]

   Int:       It affects your intelligence (+5).
   rCorr:     It protects you from acid and corrosion.
   Will:      It increases your willpower.
Wands
 o - a wand of iceblast (35)
 B - a wand of paralysis (17)
 R - a wand of acid (6)
 T - a wand of polymorph (21)
 W - a wand of flame (12)
Scrolls
 d - 12 scrolls of teleportation
 k - a scroll of torment {unknown}
 p - 3 scrolls of vulnerability
 u - 2 scrolls of fear
 z - 9 scrolls of blinking
 C - 3 scrolls of amnesia
 D - 4 scrolls of magic mapping
 H - 2 scrolls of noise
 J - 4 scrolls of summoning
 L - 2 scrolls of fog
 V - 6 scrolls of identify
 Y - a scroll of silence
Potions
 c - 7 potions of ambrosia
 e - 7 potions of might
 f - 8 potions of flight
 g - a potion of cancellation
 i - 2 potions of heal wounds {unknown}
 l - 3 potions of attraction
 n - 3 potions of mutation
 q - 2 potions of resistance
 r - 6 potions of curing
 s - 4 potions of lignification {unknown}
 t - 7 potions of haste
 w - 2 potions of magic {unknown}
 E - 2 potions of berserk rage
 K - 3 potions of invisibility
 P - 2 potions of brilliance {unknown}
Miscellaneous
 S - a tin of tremorstones (2/2)


   Skills:
 + Level 14.7(19.7) Fighting
 + Level 15.7(20.7) Short Blades
 * Level 17.9(22.9) Dodging
 - Level 17.0(22.0) Stealth
 - Level 0.4(5.4) Shields
 - Level 10.0 Invocations
 - Level 3.0 Evocations


You had 15 spell levels left.
You didn't know any spells.
Your spell library contained the following spells:

 Spells                   Type           Power      Damage    Failure   Level
 Pain                     Necr           0%         1d4       22%         1
 Blink                    Tloc           0%         N/A       32%         2
 Sublimation of Blood     Necr           0%         N/A       32%         2
 Wereblood                Tmut           0%         N/A       32%         2
 Dazzling Flash           Conj/Hex       0%         N/A       54%         3
 Portal Projectile        Hex/Tloc       0%         N/A       54%         3
 Vampiric Draining        Necr           0%         2d6       54%         3
 Airstrike                Air            0%         N/A       91%         4
 Fulminant Prism          Conj/Hex       0%         3d6       91%         4
 Iskenderun's Mystic Bla  Conj/Tloc      0%         2d3       91%         4
 Leda's Liquefaction      Hex/Erth       0%         N/A       91%         4
 Borgnjor's Vile Clutch   Necr/Erth      0%         N/A       99%         5
 Lee's Rapid Deconstruct  Erth           0%         3d5*      99%         5
 Lightning Bolt           Conj/Air       0%         1d11      99%         5
 Manifold Assault         Tloc           0%         N/A       99%         5
 Starburst                Conj/Fire      0%         6d3       100%        6
 Storm Form               Tmut/Air       0%         N/A       100%        7
 Animate Skeleton         Necr           Unusable   N/A       N/A         1
 Call Canine Familiar     Summ           Unusable   N/A       N/A         3
 Animate Dead             Necr           Unusable   N/A       N/A         4
 Summon Lightning Spire   Summ/Air       Unusable   N/A       N/A         4
 Death Channel            Necr           Unusable   N/A       N/A         6
 Summon Hydra             Summ           Unusable   N/A       N/A         7

Dungeon Overview and Level Annotations

Branches:
Dungeon (13/15)            Temple (1/1) D:5            Lair (5/6) D:10
  Swamp (0/4) Lair:3        Snake (0/4) Lair:2          Orc (0/2) D:10
 Vaults (0/5) D:13        Ossuary (visited)          Bailey (visited)
  IceCv (visited)         Gauntlet (visited)
  Slime: Lair:5-6

Altars:
Ashenzari
Cheibriados
Dithmenos
Elyvilon
Fedhas
Gozag
Hepliaklqana
Kikubaaqudgha
Makhleb
Nemelex Xobeh
Okawaru
Qazlal
Ru
Sif Muna
Trog
Uskayaw
Vehumet
Wu Jian
Xom
Yredelemnul
Zin
The Shining One
Lugonu

Annotations:
D:5 1 runed translucent door, Crazy Yiuf
D:9 exclusion: downstairs
D:10 1 transporter


Innate Abilities, Weirdness & Mutations

You are small and have problems with some larger weapons.
You are completely attuned to the shadows.


Message History

You hit the komodo dragon but do no damage.
The komodo dragon is moderately wounded.
The death yak completely misses you.
You hit the komodo dragon.
The komodo dragon is moderately wounded.
The komodo dragon bites you.
You hit the komodo dragon. You punch the komodo dragon.
The komodo dragon is heavily wounded.
You hit the komodo dragon.
The komodo dragon is heavily wounded.
The death yak gores you!
* * * LOW HITPOINT WARNING * * *
You hit the komodo dragon. Your punch misses the komodo dragon.
The komodo dragon is severely wounded.
The komodo dragon bites you but does no damage.
You hit the komodo dragon.
The komodo dragon is severely wounded.
You hit the komodo dragon.
The komodo dragon is severely wounded.
You puncture the komodo dragon!
You kill the komodo dragon!
Okawaru accepts your kill. The death yak completely misses you.
Base training target 17.0 for Stealth reached!
Your base Stealth skill increases to level 17!
You swing at nothing.
You puncture the death yak!
The death yak is lightly wounded.
You barely miss the death yak.
The death yak is lightly wounded.
The death yak gores you!
* * * LOW HITPOINT WARNING * * *
You hit the death yak but do no damage.
The death yak is lightly wounded.
You hit the death yak but do no damage.
The death yak is lightly wounded.
You hit the death yak but do no damage.
The death yak is lightly wounded.
The death yak gores you!!
You die...

....................
.....................
......................
...............#P..##.
...........#.### ## ##
........#..### #
.......##### #
###.....# # #.†@..#
#P.Y..## ##....#
#....# .....# ## .#
##. ...##.. ........


You could see a death yak.

Vanquished Creatures
  Rupert (D:13)
  Frances (D:13)
  A frost giant (IceCv)
  An orc warlord (Bailey)
  Azrael (D:13)
  A minotaur (Gauntlet)
  Harold (Lair:1)
  A boulder beetle (D:13)
  12 hydras
  Erolcha (D:12)
  11 two-headed ogres
  3 centaur warriors
  2 dancing weapons (D:13)
  6 death yaks
  Lodul (D:13)
  A swamp dragon (shapeshifter) (Gauntlet)
  A wolf spider (Gauntlet)
  6 elephants (Lair:2)
  A manticore (Lair:4)
  5 cyclopes
  A moth of wrath (Gauntlet)
  4 black mambas
  A gargoyle (D:12)
  11 cane toads
  An ice statue (IceCv)
  10 rime drakes
  11 komodo dragons
  An unseen horror (D:12)
  A yaktaur (shapeshifter) (Gauntlet)
  A komodo dragon (shapeshifter) (D:13)
  A kobold demonologist (D:12)
  12 polar bears
  5 trolls
  8 hornets
  3 meliai (Gauntlet)
  Prince Ribbit (D:8)
  5 slime creatures
  A shadow (D:12)
  9 wyverns
  Eustachio (D:4)
  62 yaks
  A wraith (D:12)
  5 fire elementals (D:13)
  A steam dragon (D:8)
  7 basilisks
  4 redbacks (Gauntlet)
  10 vampire mosquitoes
  Menkaure (D:5)
  4 nagas (Lair:2)
  An acid dragon (D:7)
  3 hell hounds (D:13)
  10 water moccasins
  2 sky beasts
  5 black bears
  9 orc warriors
  2 ice beasts
  6 ogres
  23 wolves
  6 centaurs
  3 phantoms
  6 kobold brigands
  4 gnoll sergeants (D:10)
  9 bullfrogs
  3 necrophages
  2 water moccasin zombies (Ossuary)
  5 scorpions
  6 wights
  A killer bee (D:10)
  2 howler monkeys
  An electric eel (Lair:1)
  A jelly (D:6)
  5 orc priests
  2 iguanas
  A gnoll shaman (D:9)
  15 orc wizards
  10 hell rats (Lair:4)
  2 mummies (Ossuary)
  25 gnolls
  12 adders
  A shadow imp (D:6)
  4 white imps
  An ufetubus (D:7)
  3 adder zombies (Ossuary)
  3 worms (D:2)
  3 dart slugs (D:4)
  45 orcs
  7 endoplasms
  A giant cockroach (D:3)
  5 gnoll zombies (Ossuary)
  7 goblins
  7 hobgoblins
  4 quokkas
  7 ball pythons
  5 bats
  6 frilled lizards (D:2)
  2 hobgoblin zombies (Ossuary)
  25 kobolds
  9 kobold zombies (Ossuary)
  6 orc zombies (Ossuary)
  6 rats
580 creatures vanquished.

Vanquished Creatures (others)
  42 fungi
  57 plants
99 creatures vanquished.

Grand Total: 679 creatures vanquished

Notes
Turn   | Place    | Note
-------+----------+-------------------------------------------
     0 | D:1      | holysushi the Kobold Monk began the quest for the Orb.
     0 | D:1      | Reached XP level 1. HP: 14/14 MP: 1/1
   343 | D:1      | Reached XP level 2. HP: 19/19 MP: 2/2
   641 | D:1      | Found a faded altar of an unknown god.
   735 | D:1      | Prayed at the altar of an unknown god.
   735 | D:1      | Became a worshipper of Warmaster Okawaru
   735 | D:1      | Reached * piety under Okawaru
   735 | D:1      | Reached ** piety under Okawaru
  1341 | D:2      | Reached XP level 3. HP: 23/23 MP: 3/3
  1357 | D:2      | Reached skill level 5 in Short Blades
  1372 | D:2      | Identified the +5 dagger "Naeh" {pain, rN++ Str+2 Int-3
                  | Dex+4}
  1482 | D:2      | Reached skill level 1 in Invocations
  1611 | D:2      | Reached XP level 4. HP: 29/29 MP: 4/4
  2173 | D:3      | Noticed an ice beast
  2177 | D:3      | Killed an ice beast
  2177 | D:3      | Reached *** piety under Okawaru
  2178 | D:3      | Reached XP level 5. HP: 34/34 MP: 5/5
  2546 | D:3      | Reached XP level 6. HP: 25/39 MP: 3/6
  2954 | D:4      | Noticed Eustachio
  2975 | D:4      | Killed Eustachio
  2976 | D:4      | Reached skill level 5 in Fighting
  2976 | D:4      | Reached XP level 7. HP: 44/44 MP: 5/7
  2979 | D:4      | Found a sand-covered staircase.
  2984 | Ossuary  | Entered an ossuary
  4028 | D:4      | Reached XP level 8. HP: 51/51 MP: 9/9
  4269 | D:4      | Reached **** piety under Okawaru
  4386 | D:5      | Entered Level 5 of the Dungeon
  4463 | D:5      | Noticed Menkaure
  4471 | D:5      | Killed Menkaure
  4472 | D:5      | Reached skill level 10 in Short Blades
  4825 | D:5      | Found a staircase to the Ecumenical Temple.
  4846 | Temple   | Entered the Ecumenical Temple
  5951 | D:5      | Found a runed translucent door.
  5952 | D:5      | Noticed Crazy Yiuf
  6369 | D:6      | Reached XP level 9. HP: 57/57 MP: 11/11
  8535 | D:7      | Found a glowing golden altar of the Shining One.
  8749 | D:7      | Reached XP level 10. HP: 44/65 MP: 10/12
  9389 | D:8      | Found a flagged portal.
  9402 | Bailey   | Entered a bailey
  9426 | Bailey   | Noticed an orc warlord
  9744 | Bailey   | Found a runed translucent gate.
  9745 | Bailey   | Found a runed translucent gate.
  9746 | Bailey   | Found a runed translucent gate.
  9760 | Bailey   | Reached skill level 1 in Evocations
  9917 | Bailey   | Killed an orc warlord
  9917 | Bailey   | Reached ***** piety under Okawaru
  9918 | Bailey   | Reached skill level 5 in Dodging
  9943 | Bailey   | Reached XP level 11. HP: 72/72 MP: 13/13
 10586 | D:8      | Noticed Prince Ribbit
 10604 | D:8      | Killed Prince Ribbit
 10754 | D:8      | Noticed a centaur warrior
 10756 | D:8      | Killed a centaur warrior
 10946 | D:8      | Noticed a two-headed ogre
 10950 | D:8      | Killed a two-headed ogre
 10951 | D:8      | Reached skill level 10 in Fighting
 10951 | D:8      | Reached XP level 12. HP: 77/77 MP: 15/15
 10953 | D:8      | Noticed a two-headed ogre
 10976 | D:8      | Killed a two-headed ogre
 10983 | D:8      | Reached skill level 5 in Invocations
 12592 | D:10     | Entered Level 10 of the Dungeon
 12805 | D:10     | Found a staircase to the Lair.
 12842 | D:10     | Received a gift from Okawaru
 13029 | D:10     | Noticed a seven-headed hydra
 13116 | D:10     | Killed a seven-headed hydra
 13298 | D:10     | Found a staircase to the Orcish Mines.
 13717 | D:10     | Reached skill level 10 in Dodging
 14204 | D:10     | Found a transporter.
 14386 | D:10     | Found a corrupted altar of Lugonu.
 14386 | D:10     | Noticed a large abomination
 14555 | D:11     | Noticed a centaur warrior
 14566 | D:11     | Killed a centaur warrior
 14567 | D:11     | Reached XP level 13. HP: 79/84 MP: 14/17
 14646 | D:11     | Identified the +0 buckler of Colewkiz {rF+} (Okawaru gifted
                  | it to you on level 11 of the Dungeon)
 14646 | D:11     | Received a gift from Okawaru
 14903 | D:11     | Noticed a four-headed hydra
 14915 | D:11     | Killed a four-headed hydra
 15888 | D:12     | Found a gate leading to a gauntlet.
 15894 | Gauntlet | Entered a Gauntlet
 15894 | Gauntlet | Found a transporter.
 15894 | Gauntlet | Found a transporter.
 15905 | Gauntlet | Found a transporter.
 15937 | Gauntlet | Found a transporter.
 15952 | Gauntlet | Found a transporter.
 15952 | Gauntlet | Found a transporter.
 15982 | Gauntlet | Found a transporter.
 16008 | Gauntlet | Found a transporter.
 16012 | Gauntlet | Noticed a reaper
 16050 | Gauntlet | Found a transporter.
 16058 | Gauntlet | Found a transporter.
 16079 | Gauntlet | Found a transporter.
 16087 | Gauntlet | Found a transporter.
 16171 | Gauntlet | Found a transporter.
 16179 | Gauntlet | Found a transporter.
 16184 | Gauntlet | Found a large runed translucent door.
 16184 | Gauntlet | Found a large runed translucent door.
 16185 | Gauntlet | Found a large runed translucent door.
 16185 | Gauntlet | Found a large runed translucent door.
 16187 | Gauntlet | Found a large runed translucent door.
 16187 | Gauntlet | Found a large runed translucent door.
 16187 | Gauntlet | Found a runed translucent door.
 16189 | Gauntlet | Found a large runed translucent door.
 16190 | Gauntlet | Found a large runed translucent door.
 16191 | Gauntlet | Found a large runed translucent door.
 16191 | Gauntlet | Found a large runed translucent door.
 16200 | Gauntlet | Found a runed translucent gate.
 16201 | Gauntlet | Found a transporter.
 16208 | Gauntlet | Found a transporter.
 16238 | Gauntlet | Found a runed translucent gate.
 16238 | Gauntlet | Found a runed translucent gate.
 16616 | Gauntlet | Identified the ring "Aci Tolyo" {rPois rN+ Str+2}
 16683 | Gauntlet | Identified the +0 pearl dragon scales of Paranoia {rF+ rN+
                  | Stlth+}
 16695 | Gauntlet | Identified the +7 plate armour "Cocupt" {+Inv rC+ Regen+
                  | Int-5 SInv}
 16695 | Gauntlet | Noticed a minotaur
 16735 | Gauntlet | Killed a minotaur
 17809 | D:12     | Noticed Erolcha
 17822 | D:12     | Killed Erolcha
 18570 | D:12     | Identified the +0 helmet of Delicate Amelioration {Will+
                  | Str+3}
 19723 | D:13     | Noticed a boulder beetle
 19726 | D:13     | Killed a boulder beetle
 19812 | D:13     | Noticed Rupert
 19816 | D:13     | Killed Rupert
 19834 | D:13     | Noticed a centaur warrior
 19851 | D:13     | Reached XP level 14. HP: 89/92 MP: 17/20
 20271 | D:13     | Noticed Frances
 20275 | D:13     | Killed Frances
 20276 | D:13     | Found a gate to the Vaults.
 20289 | D:13     | Received a gift from Okawaru
 20858 | D:13     | Noticed Azrael
 21091 | D:13     | Noticed Lodul
 21259 | D:13     | Killed Azrael
 21266 | D:13     | Killed Lodul
 21651 | D:12     | Reached skill level 15 in Dodging
 21764 | Lair:1   | Entered Level 1 of the Lair of Beasts
 22000 | Lair:1   | Received a gift from Okawaru
 22001 | Lair:1   | Reached skill level 15 in Stealth
 22353 | Lair:1   | Noticed Harold
 22357 | Lair:1   | Killed Harold
 23076 | Lair:2   | Found a staircase to the Snake Pit.
 23165 | Lair:2   | Reached ****** piety under Okawaru
 23306 | Lair:2   | Identified the +6 dagger "Quggih" {vamp, rN+ Str+6}
                  | (Okawaru gifted it to you on level 2 of the Lair of Beasts)
 23306 | Lair:2   | Received a gift from Okawaru
 23307 | Lair:2   | Reached skill level 10 in Invocations
 23343 | Lair:2   | Reached XP level 15. HP: 74/99 MP: 22/22
 24545 | Lair:3   | Received a gift from Okawaru
 24917 | Lair:3   | Found a staircase to the Swamp.
 25502 | Lair:4   | Found a frozen archway.
 25518 | IceCv    | Entered an ice cave
 25973 | IceCv    | Reached skill level 15 in Short Blades
 26331 | IceCv    | Received a gift from Okawaru
 26368 | IceCv    | Noticed a frost giant
 26422 | IceCv    | Killed a frost giant
 26641 | IceCv    | Identified the ring of Debbaam {Will+ rCorr Int+5}
 27745 | Lair:4   | Identified the +4 dagger of Mipsiqym {antimagic, *Rage rF+
                  | Str+4 Int+4} (Okawaru gifted it to you on level 4 of the
                  | Lair of Beasts)
 27745 | Lair:4   | Received a gift from Okawaru
 28466 | Lair:5   | Reached XP level 16. HP: 107/107 MP: 23/23
 28468 | Lair:5   | Identified the +0 scale mail of the Black Moon {-Tele
                  | Rampage rF++ Slay+2}
 29046 | Lair:5   | Mangled by a death yak

Illustrated notes

Levels and vault maps discovered:
D:1:      sevenhm_arrival_forest_fort_small_6, layout_basic,
          shapermc_ecumenical_altar_venn, corexii_leaking_fountain,
          nrook_loot_triangle, kennysheep_small_spiral
D:2:      layout_loops_ring, serial_rivers, chequers_serial_rivers_micro_c,
          chequers_serial_rivers_marsh, chequers_serial_rivers_marsh,
          chequers_serial_rivers_small_a, chequers_serial_rivers_micro_d,
          chequers_serial_rivers_small_3, amcnicky_mini_pool_small,
          minmay_lizard_king
D:3:      layout_rooms
D:4:      layout_basic, enter_ossuary_5, uniq_eustachio
D:5:      layout_basic, minmay_temple_entry_drinking_statues, uniq_menkaure,
          uniq_crazy_yiuf_cottage
D:6:      layout_basic, grunt_tough_drop
D:7:      layout_rooms, mainiacjoe_overflow_alcove_1
D:8:      minmay_slanted_spiral_squares, layout_gridville, enter_bailey_4,
          kennysheep_just_a_vault, uniq_prince_ribbit1
D:9:      layout_loops_ring, serial_park_tiny_pond, hangedman_decor_points
D:10:     gammafunk_corrupted_shrine, layout_basic, due_lair_maze_entry_diamond,
          kennysheep_orc_monster_closet_entryway
D:11:     layout_long_grid
D:12:     layout_basic, gauntlet_entry_generic, uniq_erolcha
D:13:     layout_long_grid, erik_vaults_1, uniq_lodul, uniq_rupert, uniq_azrael,
          uniq_frances
Temple:   minmay_crystal_snake_temple
Lair:1:   layout_layer_cave, special_room, st_stairs_8,
          nicolae_quartered_pool_super, uniq_harold
Lair:2:   layout_cave_shapes, minmay_snake_entry_guardpost_medium,
          grunt_megastairs_3, serial_bayou_shore_b, lemuel_fruit_fields
Lair:3:   layout_cave_pods, swamp_mist_pool, dreamdust_wasp_nest,
          infiniplex_staircase_pool_2
Lair:4:   layout_roguey [special_room_mythical_zoo],
          portal_ice_cave_entry_pillars_2, infiniplex_staircase_pool,
          grunt_megastairs_1
Lair:5:   layout_cellular_growth

Skill      XL: |  1  2  3  4  5  6  7  8  9 10 11 12 13 14 15 16 |
---------------+-------------------------------------------------+-----
Short Blades   | 5 6 7 8 9 11 13 14 15 | 15.7
Invocations    | 1 2 3 4 6 8 10 | 10.0
Fighting       | 4 5 7 8 9 10 11 12 13 14 | 14.7
Dodging        | 5 6 10 13 15 17 | 17.9
Stealth        | 14 15 16 17 | 17.0
Evocations     | 2 3 |  3.0
Shields        | |  0.4

Action                   |  1- 3 |  4- 6 |  7- 9 | 10-12 | 13-15 | 16-18 || total
-------------------------+-------+-------+-------+-------+-------+-------++-------
Melee: Short sword       |    47 |       |       |       |       |       ||    47
       Punch             |     2 |     1 |     9 |    25 |    48 |     3 ||    88
       Dagger            |    25 |    71 |   413 |   504 |       |       ||  1013
       Quick blade       |       |       |       |   264 |  1955 |    98 ||  2317
Invok: Heroism           |       |     2 |     8 |    18 |    15 |     1 ||    44
       Finesse           |       |       |     1 |     1 |     5 |       ||     7
Evoke: Wand              |       |       |       |       |     3 |       ||     3
  Use: Scroll            |       |     7 |     4 |     9 |    13 |       ||    33
       Potion            |       |       |     1 |     1 |     6 |       ||     8
 Stab: Sleeping          |    14 |    16 |    22 |    28 |    75 |     8 ||   163
       Distracted        |       |       |     1 |       |     5 |       ||     6
Armor: Robe              |     4 |     4 |    20 |     1 |       |       ||    29
       Steam dragon scal |       |       |       |    68 |    78 |     9 ||   155
Dodge: Dodged            |    42 |    38 |   160 |   528 |   872 |    58 ||  1698
Block: Other             |       |       |       |       |   159 |    16 ||   175
       Reflection        |       |       |       |       |     1 |       ||     1
       Buckler           |       |       |       |       |     1 |       ||     1

Table legend: (Time is in decaauts)
 A = Elapsed time spent in this place.
 B = Non-inter-level travel time spent in this place.
 C = Inter-level travel time spent in this place.
 D = Time resting spent in this place.
 E = Time spent auto-exploring this place.
 F = Levels seen in this place.
 G = Mean time per level.
                   A        B        C        D        E       F      G
               +--------+--------+--------+--------+--------+-----+--------+
         Total |  26864 |  26127 |    737 |   6367 |  14991 |  23 | 1168.0 |
       Dungeon |  18614 |  18051 |    563 |   4416 |  10874 |  13 | 1431.8 |
        Temple |    210 |    172 |     38 |      0 |    151 |   1 |  210.0 |
          Lair |   5191 |   5056 |    135 |    990 |   3230 |   5 | 1038.2 |
       Ossuary |    331 |    331 |      0 |    148 |      0 |   1 |  331.0 |
        Bailey |    522 |    522 |      0 |    179 |     67 |   1 |  522.0 |
      Ice Cave |    933 |    933 |      0 |    180 |    372 |   1 |  933.0 |
      Gauntlet |   1059 |   1059 |      0 |    454 |    295 |   1 | 1059.0 |
               +--------+--------+--------+--------+--------+-----+--------+

Top non-repeatable levels by time:
     D:6: 2422 daAuts
    D:12: 2243 daAuts
    D:13: 1772 daAuts
    D:11: 1681 daAuts
  Lair:4: 1500 daAuts
    D:10: 1481 daAuts
     D:8: 1458 daAuts
     D:9: 1452 daAuts
     D:5: 1343 daAuts
     D:1: 1282 daAuts
  Lair:3: 1236 daAuts
Gauntlet: 1059 daAuts
     D:4: 1054 daAuts
  Lair:2: 959 daAuts
  Lair:1: 952 daAuts
